 Dungeon Crawl Stone Soup version 0.31.0-11-ge490571c62 (webtiles) character file.

Game seed: 6887310669607248297

37 qw the Shooter (level 3, 0/20 HPs)
             Began as a Deep Elf Hunter on Feb 4, 2024.
             Succumbed to their own poison gas
             ... on level 1 of the Dungeon.
             The game lasted 00:00:02 (868 turns).

qw the Shooter (Deep Elf Hunter)                     Turns: 868, Time: 00:00:03

Health: 0/20       AC:  7    Str: 10    XL:     3   Next: 23%
Magic:  5/5        EV:  9    Int: 13    God:
Gold:   41         SH:  0    Dex: 18    Spells: 2/2 levels left

rFire   . . .        a - +0 shortbow
rCold   . . .        (shield currently unavailable)
rNeg    . . .        f - +0 scale mail
rPois   .            d - +0 helmet
rElec   .            (no cloak)
rCorr   .            (no gloves)
SInv    .            (no boots)
Will    .....        (no amulet)
Stlth   +            (no ring)
HPRegen 0.23/turn    (no ring)
MPRegen 0.09/turn

%: no passive effects
@: lethally poisoned (0 -> -11)
A: no striking features
a: no special abilities


You were on level 1 of the Dungeon.
You visited 1 branch of the dungeon, and saw 1 of its levels.

You collected 41 gold pieces.


   Skills:
 - Level 1.5 Fighting
 + Level 6.8 Ranged Weapons
 - Level 2.4 Dodging
 - Level 1.2 Stealth


You had 2 spell levels left.
You didn't know any spells.
Your spell library was empty.

Inventory:

Hand Weapons
 a - a +0 shortbow (weapon)
Armour
 d - a +0 helmet (worn)
 f - a +0 scale mail (worn)

Dungeon Overview and Level Annotations

Branches:
Dungeon (1/15)

Altars:

Shops:
D:1 =


Message History

857 ||| READING scroll labelled QIRHISH DUSI.
As you read the scroll labelled QIRHISH DUSI, it crumbles to dust.
You feel strangely unstable.
It was a scroll of teleportation.
You start waiting.
Your surroundings suddenly seem different.
Enter note: Done exploring.
860 ||| READING scroll labelled PAEFUO IKHLYIKI.
The air fills with toxic fumes!
As you read the scroll labelled PAEFUO IKHLYIKI, it crumbles to dust.
It was a scroll of poison.
Done exploring.
861 ||| DROPPING scroll of butterflies.
You drop a scroll of butterflies.
Done exploring.
What level of the Dungeon? (default 1, ? - help) Sorry, I don't know how to get there.
Enter note:
Enter note:
Enter note:
Enter note:
Enter note:
Enter note:
Enter note:
Enter note:
Enter note: You are engulfed in poison gas.
You are poisoned.
You feel very sick.
863 ||| Stepping ~*~*~tactically~*~*~ (cloud).
You feel very sick.
864 ||| DRINKING potion of curing.
You feel better.
864 ||| (to cure poison)
You are engulfed in poison gas.
You are lethally poisoned!
You feel very sick.
866 ||| Stepping ~*~*~tactically~*~*~ (cloud).
You feel very sick.
There is a lethal amount of poison in your body!
You feel very sick.
There is a lethal amount of poison in your body!
You die...

#...........#...#.#.# #.
#.###.#####.###.#...# ####.
#.#...#...#...#.#.### #..).
###.###.#.###.#.#.#.# #.###
#...#...#.....#...#.# #.###
#.###.###.<.###.###.# #....
#.#...#.....#...#...# #####
#.#.#.#.###.#.###.### #.
###.#.#...#...#¤@.#.# #.
#...#.###.#####¤###.# #.
#.#.#...#....¤¤¤?...# ##########.
#.#.#.#.###.###########.........#
#.#.#.#...#.............########.
#.#.#.###.####.#######..########.
#.#.#..)#....#......#.....#...##.
###.#################.....#......
#.........#.# #....>........


There were no monsters in sight!

Vanquished Creatures
  2 dart slugs (D:1)
  5 endoplasms (D:1)
  A giant cockroach (D:1)
  3 hobgoblins (D:1)
  4 quokkas (D:1)
  A ball python (D:1)
  3 bats (D:1)
  3 goblins (D:1)
  4 kobolds (D:1)
  5 rats (D:1)
31 creatures vanquished.

Notes
Turn   | Place    | Note
-------+----------+-------------------------------------------
     0 | D:1      | qw the Deep Elf Hunter began the quest for the Orb.
     0 | D:1      | Reached XP level 1. HP: 12/12 MP: 3/3
     0 | D:1      | 0 ||| qw: Version: 0.3-a-160-g6735b56
     0 | D:1      | 0 ||| qw: Game counter: 4751
     0 | D:1      | 0 ||| qw: Melee chars always use a shield: true
     0 | D:1      | 0 ||| qw: God list: Okawaru
     0 | D:1      | 0 ||| qw: Allow faded altars: false
     0 | D:1      | 0 ||| qw: Do Orc after clearing Dungeon:15 true
     0 | D:1      | 0 ||| qw: Do second Lair branch before Depths: true
     0 | D:1      | 0 ||| qw: Lair rune preference: random
     0 | D:1      | 0 ||| qw: Goals: Normal
     0 | D:1      | 0 ||| PLANNING D:1-11
   191 | D:1      | HP: 1/12 [goblin/+0 club (4)]
   313 | D:1      | Reached XP level 2. HP: 16/16 MP: 4/4
   327 | D:1      | Reached skill level 6 in Ranged Weapons
   329 | D:1      | Found a faded altar of an unknown god.
   388 | D:1      | Found Togeopp's Jewellery Shop.
   401 | D:1      | 401 ||| SHOPLISTING +4 ring of protection (396 gold, have
                  | 27).
   401 | D:1      | 401 ||| SHOPLISTING +4 ring of slaying (858 gold, have 27).
   401 | D:1      | 401 ||| SHOPLISTING ring of fire (275 gold, have 27).
   561 | D:1      | Reached XP level 3. HP: 20/20 MP: 5/5
   803 | D:1      | 803 ||| UPGRADING to +0 helmet.
   808 | D:1      | 808 ||| UPGRADING to +0 scale mail.
   818 | D:1      | 818 ||| DROPPING +0 leather armour.
   819 | D:1      | 819 ||| READING scroll labelled LISYTU RYAHIOF.
   856 | D:1      | 856 ||| READING scroll labelled ASUEQY SITHREYG.
   856 | D:1      | 856 ||| IDENTIFYING yellow potion
   857 | D:1      | 857 ||| READING scroll labelled QIRHISH DUSI.
   860 | D:1      | 860 ||| READING scroll labelled PAEFUO IKHLYIKI.
   861 | D:1      | 861 ||| DROPPING scroll of butterflies.
   863 | D:1      | 863 ||| Stepping ~*~*~tactically~*~*~ (cloud).
   864 | D:1      | 864 ||| DRINKING potion of curing.
   864 | D:1      | 864 ||| (to cure poison)
   866 | D:1      | 866 ||| Stepping ~*~*~tactically~*~*~ (cloud).
   866 | D:1      | HP: 5/20 [poisoned by you (poison gas)]
   867 | D:1      | HP: 2/20 [poisoned by you (poison gas)]
   868 | D:1      | Succumbed to their own poison gas

Levels and vault maps discovered:
D:1:      psy_arrival_radial02, layout_loops_ring, serial_shops, shop,
          hellmonk_ecumenical_altar_prayer_group, serial_bayou_pond_e,
          minmay_misc_feat_tower

Skill      XL: |  1  2 |
---------------+-------+-----
Ranged Weapons | 6 |  6.8
Fighting       | |  1.5
Dodging        | |  2.4
Stealth        | |  1.2

Action                     || total
---------------------------++-------
   Fire: Shortbow          ||    62
    Use: Scroll            ||     4
         Potion            ||     1
 Armour: Leather armour    ||     9
  Dodge: Dodged            ||     6

Table legend:
 A = Non-vault XP
 B = Vault XP
 C = Vault XP percentage of total XP
 D = Non-vault monster count
 E = Vault monster count
 F = Vault count percentage of total count
                 A         B        C        D         E       F
            +---------+---------+-------+---------+---------+-------
      Total |      50 |       4 |   7.4 |      29 |       2 |   6.5
            +---------+---------+-------+---------+---------+-------
        D:1 |      50 |       4 |   7.4 |      29 |       2 |   6.5
            +---------+---------+-------+---------+---------+-------
